 Dungeon Crawl Stone Soup version 0.22.1-2-g9c5b331383 (webtiles) character file.

18998 Miyakonosakura the Grappler (level 12, -1/118 HPs)
             Began as a Troll Fighter on Nov 30, 2018.
             Was a High Priest of Trog.
             Slain by a hog (12 damage)
             ... led by Kirke
             ... on level 13 of the Dungeon on Dec 2, 2018.
             The game lasted 05:30:16 (15627 turns).

Miyakonosakura the Grappler (Troll Fighter)        Turns: 15627, Time: 05:30:17

Health: -1/118     AC:  7    Str: 30    XL:     12   Next: 32%
Magic:  11/11      EV: 11    Int:  8    God:    Trog [*****.]
Gold:   469        SH: 14    Dex: 17    Spells: 11/11 levels left

rFire    + . .     SeeInvis .     - Unarmed
rCold    + + .     Gourm    +   b - +1 shield
rNeg     . . .     Faith    .   p - +2 robe {rC+}
rPois    .         Spirit   .   (helmet restricted)
rElec    +         Reflect  .   A - scarf {rC+ rF+}
rCorr    .         Harm     .   (gloves unavailable)
MR       .....                  (boots unavailable)
Stlth    +++.......             c - amulet of regeneration
HPRegen  1.09/turn              J - +3 ring of dexterity
MPRegen  0.12/turn              l - ring of Peveu {rElec Int+4 Dex+4 Slay+3 Stlth+}

@: berserk cooldown, slowed, very slow
A: large, unfitting armour, claws 3, fast metabolism 3, gourmand, regeneration
1, shaggy fur 1, tough skin 2
a: Berserk, Trog's Hand, Brothers in Arms, Renounce Religion


You were on level 13 of the Dungeon.
You worshipped Trog.
Trog was extremely pleased with you.
You were very full.

You visited 3 branches of the dungeon, and saw 15 of its levels.

You collected 735 gold pieces.
You spent 266 gold pieces at shops.

Inventory:

Hand Weapons
 L - a +0 blowgun
Missiles
 D - 79 poisoned needles
 E - 2 javelins
 M - 4 large rocks (quivered)
 N - 16 tomahawks
 O - 249 stones
Armour
 b - a +1 shield (worn)
 n - a +0 cloak
 p - a +2 robe of cold resistance (worn)
 A - a scarf of resistance (worn)
Jewellery
 c - an amulet of regeneration (around neck)
 l - the ring of Peveu (right claw) {rElec Int+4 Dex+4 Slay+3 Stlth+}
   (You found it on level 6 of the Dungeon)

   [ring of stealth]

   It affects your intelligence (+4).
   It affects your dexterity (+4).
   It affects your accuracy and damage with ranged weapons and melee attacks
   (+3).
   It insulates you from electricity.
   It makes you more stealthy.
 x - a +3 ring of protection
 J - a +3 ring of dexterity (left claw)
Wands
 m - a wand of iceblast (9)
 r - a wand of acid (3)
 s - a wand of random effects (39)
 v - a wand of polymorph (34)
 y - a wand of flame (17)
 F - a wand of disintegration (33)
 G - a wand of enslavement (12)
 I - a wand of digging (10)
Scrolls
 e - 2 scrolls of fear
 g - a scroll of magic mapping
 i - a scroll of acquirement {unknown}
 t - 3 scrolls of teleportation
 w - a scroll of enchant armour
 K - 2 scrolls of remove curse
Potions
 a - 5 potions of brilliance
 f - a potion of resistance {unknown}
 h - a potion of magic
 j - a potion of haste
 k - 2 potions of flight
 o - a potion of ambrosia {unknown}
 q - a potion of invisibility {unknown}
 u - 6 potions of curing
 z - 3 potions of mutation
 B - 3 potions of agility
 C - 2 potions of heal wounds {unknown}
 H - 2 potions of lignification
Comestibles
 d - 32 rations


   Skills:
 + Level 7.4 Fighting
 + Level 7.1 Throwing
 - Level 2.4 Dodging
 - Level 0.1 Stealth
 - Level 9.6 Shields
 - Level 13.0 Unarmed Combat


You had 11 spell levels left.
You didn't know any spells.
Your spell library was empty.

Dungeon Overview and Level Annotations

Branches:
Dungeon (13/15)            Temple (1/1) D:5            Lair (1/6) D:11
    Orc (0/2) D:11
 Vaults: D:13-14

Altars:
Ashenzari
Cheibriados
Dithmenos
Elyvilon
Fedhas
Gozag
Hepliaklqana
Kikubaaqudgha
Makhleb
Nemelex Xobeh
Okawaru
Qazlal
Ru
Sif Muna
Trog
Uskayaw
Vehumet
Wu Jian
Xom
Yredelemnul
Zin
The Shining One

Shops:
D:5 %   D:11 !

Annotations:
D:4 exclusion: 2 player ghosts
D:8 2 transporters, exclusion: downstairs, Cykl0x's ghost, novice DgFE
D:13 Kirke


Innate Abilities, Weirdness & Mutations

You are too large for most types of armour.
You have claws for hands.
Your metabolism is lightning-fast.
You like to eat raw meat.
Your natural rate of healing is unusually fast.
You are covered in fur. (AC +1)
You have very tough skin. (AC +2)


Message History

* * * LOW HITPOINT WARNING * * *
Something hits you but does no damage. Something hits you.
* * * LOW HITPOINT WARNING * * *
You block the hog's attack.
The manticore flicks its tail.
The volley of spikes hits something.
You feel better. You block the hog's attack. Something hits you.
* * * LOW HITPOINT WARNING * * *
The hog closely misses you.
You feel better.
You carefully extract the barbed spikes from your body.
Something hits you!
* * * LOW HITPOINT WARNING * * *
The hog barely misses you.
The manticore flicks its tail.
The volley of spikes hits something.
Something hits you but does no damage. The hog bites you.
* * * LOW HITPOINT WARNING * * *
You feel better. The hog bites you!
You die...

##########################
......††h.................
.((..?†H{@................
##########################
# # # # # # #


You could see a manticore and a hog.

Vanquished Creatures
  A centaur warrior (D:13)
  3 two-headed ogres
  Sonja (D:10)
  An unseen horror (D:10)
  Pikel (D:5)
  A deep elf mage (D:13)
  A cyclops (D:12)
  2 manticores (D:11)
  Maurice (D:9)
  3 gargoyles
  A komodo dragon (D:12)
  The ghost of Pepega the Shield-Bearer, a novice GrFi (D:4)
  A troll (D:12)
  2 hornets
  3 hippogriffs
  2 vampires (D:11)
  Sigmund (D:4)
  A wyvern (D:8)
  A spriggan (D:8)
  Eustachio (D:6)
  13 yaks
  6 hogs (D:13)
  Menkaure (D:6)
  4 vampire mosquitoes (D:13)
  Edmund (D:4)
  Duvessa (D:7)
  A water moccasin (D:8)
  3 orc warriors
  3 sky beasts
  2 ice beasts
  2 black bears (D:11)
  4 necrophages
  6 ogres
  A phantom (D:9)
  5 centaurs
  3 big kobolds
  7 bullfrogs
  Dowan (D:7)
  A wyvern zombie (D:10)
  A wyvern skeleton (D:7)
  8 scorpions
  6 howler monkeys
  2 bullfrog zombies
  4 crimson imps
  A quasit (D:11)
  2 centaur zombies
  4 jellies
  11 orc priests
  8 hounds
  12 orc wizards
  2 gnoll shamans
  Crazy Yiuf (D:2)
  2 bullfrog skeletons
  2 centaur skeletons
  Ijyb (D:3)
  4 iguanas
  8 worker ants
  3 hound zombies
  A hound skeleton (D:10)
  3 worker ant zombies
  14 gnolls
  18 adders
  8 shadow imps
  A white imp (D:8)
  3 oozes
  4 adder skeletons
  2 worms
  6 dart slugs
  4 leopard geckos
  37 orcs
  14 bats
  8 giant cockroaches
  13 goblins
  8 hobgoblins
  4 jackals (D:3)
  9 quokkas
  7 frilled lizards
  16 kobolds
  A quokka skeleton (D:4)
  A quokka zombie (D:7)
  5 rats
  A plant (D:11)
364 creatures vanquished.

Vanquished Creatures (others)
  A slave (D:5)
  A crimson imp (D:5)
  3 gnolls (D:5)
  4 fungi
  A plant (D:11)
10 creatures vanquished.

Grand Total: 374 creatures vanquished

Notes
Turn   | Place    | Note
-------+----------+-------------------------------------------
     0 | D:1      | Miyakonosakura the Troll Fighter began the quest for the
                  | Orb.
     0 | D:1      | Reached XP level 1. HP: 22/22 MP: 0/0
     3 | D:1      | Noticed an electric eel
     4 | D:1      | Noticed an electric eel
   383 | D:1      | Reached XP level 2. HP: 26/29 MP: 1/1
  1132 | D:2      | Reached XP level 3. HP: 36/36 MP: 2/2
  1212 | D:2      | Noticed a sky beast
  1232 | D:2      | Found a runed door.
  1236 | D:2      | Noticed Crazy Yiuf
  1251 | D:2      | Killed Crazy Yiuf
  1251 | D:2      | Reached skill level 3 in Unarmed Combat
  1251 | D:2      | Reached XP level 4. HP: 38/45 MP: 3/3
  1419 | D:2      | Killed a sky beast
  1419 | D:2      | Reached skill level 4 in Unarmed Combat
  1419 | D:2      | Reached XP level 5. HP: 20/53 MP: 4/4
  1677 | D:2      | Found a hide-covered altar of Uskayaw.
  1843 | D:2      | You fall through a shaft!
  2435 | D:3      | Reached XP level 6. HP: 60/61 MP: 5/5
  2481 | D:3      | Noticed Ijyb
  2484 | D:3      | Killed Ijyb
  2946 | D:4      | Noticed Edmund
  2969 | D:4      | Killed Edmund
  2969 | D:4      | Reached skill level 5 in Unarmed Combat
  3090 | D:4      | Found a runed door.
  3090 | D:4      | Noticed Pepega's ghost (novice GrFi)
  3328 | D:4      | Reached XP level 7. HP: 67/67 MP: 6/6
  3536 | D:4      | Noticed Sigmund
  3547 | D:5      | Entered Level 5 of the Dungeon
  3821 | D:5      | Reached skill level 6 in Unarmed Combat
  3903 | D:5      | Noticed Pikel
  3915 | D:5      | Killed Pikel
  3915 | D:5      | Reached skill level 7 in Unarmed Combat
  3915 | D:5      | Reached XP level 8. HP: 67/78 MP: 7/7
  3932 | D:5      | Reached skill level 8 in Unarmed Combat
  4039 | D:5      | Found a staircase to the Ecumenical Temple.
  4068 | Temple   | Entered the Ecumenical Temple
  4200 | Temple   | Became a worshipper of Trog the Wrathful
  4368 | D:5      | Reached skill level 5 in Shields
  4597 | D:5      | Found Mihido Nipp's Food Shop.
  4959 | D:6      | Found a hazy altar of Hepliaklqana.
  4960 | D:6      | Found a stormy altar of Qazlal.
  4960 | D:6      | Found a radiant altar of Vehumet.
  4962 | D:6      | Found an ancient bone altar of Kikubaaqudgha.
  4985 | D:6      | Noticed Eustachio
  5024 | D:6      | Killed Eustachio
  5331 | D:6      | Noticed Menkaure
  5520 | D:7      | Reached * piety under Trog
  5559 | D:7      | Noticed a hornet
  5835 | D:4      | Reached XP level 9. HP: 85/85 MP: 8/8
  6217 | D:4      | Killed Sigmund
  6583 | D:4      | Found a shadowy altar of Dithmenos.
  6785 | D:7      | Noticed Duvessa
  6796 | D:7      | Killed Duvessa
  6851 | D:7      | Noticed Dowan
  6881 | D:7      | Killed Dowan
  7008 | D:7      | Reached skill level 5 in Fighting
  7688 | D:7      | Paralysed by a hornet for 1 turns
  7692 | D:7      | Paralysed by a hornet for 2 turns
  7967 | D:8      | Reached ** piety under Trog
  8038 | D:8      | Reached skill level 1 in Throwing
  8392 | D:8      | Found a transporter.
  8429 | D:8      | Noticed Cykl0x's ghost (novice DgFE)
  8456 | D:8      | Found a transporter.
  9140 | D:8      | Reached XP level 10. HP: 98/98 MP: 9/9
  9152 | D:8      | Reached *** piety under Trog
  9970 | D:4      | Killed Pepega's ghost
 10373 | D:6      | Got a faintly glowing golden ring
 10374 | D:6      | Identified the ring of Peveu {rElec Int+4 Dex+4 Slay+3
                  | Stlth+} (You found it on level 6 of the Dungeon)
 10461 | D:6      | Killed Menkaure
 10904 | D:9      | Found an ornate altar of the Wu Jian Council.
 11105 | D:9      | Noticed Maurice
 11128 | D:9      | Killed Maurice
 11128 | D:9      | Reached **** piety under Trog
 11227 | D:9      | Reached skill level 9 in Unarmed Combat
 11615 | D:10     | Entered Level 10 of the Dungeon
 11849 | D:10     | Noticed a two-headed ogre
 11901 | D:10     | Killed a two-headed ogre
 11901 | D:10     | Reached skill level 10 in Unarmed Combat
 11901 | D:10     | Reached XP level 11. HP: 67/107 MP: 10/10
 12304 | D:10     | Noticed Sonja
 12333 | D:10     | Killed Sonja
 12548 | D:10     | Killed an unseen horror
 13061 | D:11     | Reached skill level 11 in Unarmed Combat
 13078 | D:11     | Found a staircase to the Orcish Mines.
 13112 | D:11     | Reached ***** piety under Trog
 13133 | D:11     | Noticed a two-headed ogre
 13208 | D:11     | Killed a two-headed ogre
 13298 | D:11     | Found a hide-covered altar of Uskayaw.
 13609 | D:11     | Found Lalic's Distillery.
 13620 | D:11     | Bought a potion of curing for 42 gold pieces
 13620 | D:11     | Bought a potion of curing for 42 gold pieces
 13620 | D:11     | Bought a potion of curing for 42 gold pieces
 13620 | D:11     | Bought a potion of curing for 42 gold pieces
 13620 | D:11     | Bought a potion of curing for 42 gold pieces
 13620 | D:11     | Bought a potion of agility for 56 gold pieces
 13653 | D:11     | Reached skill level 12 in Unarmed Combat
 13691 | D:11     | Found a staircase to the Lair.
 14607 | Lair:1   | Entered Level 1 of the Lair of Beasts
 14614 | Lair:1   | Noticed a six-headed hydra
 14795 | D:12     | Reached skill level 5 in Throwing
 14803 | D:12     | Noticed a two-headed ogre
 14812 | D:12     | Killed a two-headed ogre
 14812 | D:12     | Reached XP level 12. HP: 118/118 MP: 11/11
 15099 | D:12     | Reached skill level 13 in Unarmed Combat
 15369 | D:13     | Noticed a centaur warrior
 15380 | D:13     | Killed a centaur warrior
 15592 | D:13     | Noticed Kirke
 15610 | D:13     | Received a gift from Trog
 15624 | D:13     | HP: 4/118 [something (5)]
 15627 | D:13     | Slain by a hog

Skill      XL: |  1  2  3  4  5  6  7  8  9 10 11 12 |
---------------+-------------------------------------+-----
Fighting       | 3 4 5 6 7 |  7.4
Shields        | 3 4 6 9 |  9.6
Unarmed Combat | 3 4 5 7 8 10 12 13 | 13.0
Throwing       | 1 3 5 7 |  7.1
Dodging        | |  2.4
Stealth        | |  0.1

Action                   |  1- 3 |  4- 6 |  7- 9 | 10-12 || total
-------------------------+-------+-------+-------+-------++-------
Melee: Unarmed           |    64 |   176 |   389 |   381 ||  1010
Throw: Stone             |       |       |     5 |       ||     5
       Large rock        |       |       |     5 |    69 ||    74
Invok: Berserk           |       |       |     1 |     2 ||     3
       Brothers in Arms  |       |       |       |     1 ||     1
  Use: Scroll            |       |     6 |     9 |     5 ||    20
       Potion            |       |       |     2 |     7 ||     9
 Stab: Sleeping          |       |     2 |     1 |     4 ||     7
       Distracted        |       |       |       |     1 ||     1
  Eat: Chunk             |    13 |    21 |    53 |    64 ||   151
Armor: Robe              |    13 |    42 |    73 |    57 ||   185
Dodge: Dodged            |    15 |    49 |    83 |    82 ||   229
Block: Shield            |    24 |    63 |   132 |   194 ||   413
